 Dungeon Crawl Stone Soup version 0.31-a0-331-geda263fcf1 (webtiles) character file.

Game seed: 229141372436531267

894 funkygono the Chopper (level 7, 0/59 (62) HPs)
             Began as a Minotaur Fighter on July 19, 2023.
             Slain by a wight
             ... wielding a +0 long sword
              (1 damage)
             ... on level 6 of the Dungeon.
             The game lasted 00:08:47 (4547 turns).

funkygono the Chopper (Minotaur Fighter)            Turns: 4547, Time: 00:08:49

HP:   0/59 (62)     AC: 12    Str: 23    XL:     7   Next: 78%
MP:   6/6           EV:  6    Int:  5    God:
Gold: 246           SH:  4    Dex:  9    Spells: 6/6 levels left

rFire   . . .        a - +0 war axe
rCold   . . .        c - +0 buckler
rNeg    . . .        u - +0 plate armour
rPois   .            (helmet restricted)
rElec   .            (no cloak)
rCorr   .            (no gloves)
SInv    .            (no boots)
Will    .....        (no amulet) Stlth
                     (no ring)
HPRegen 0.29/turn    (no ring)
MPRegen 0.10/turn

%: no passive effects
@: lightly drained
A: horns 2, retaliatory headbutt
a: no special abilities


You were on level 6 of the Dungeon.
You visited 2 branches of the dungeon, and saw 7 of its levels.

You collected 266 gold pieces.
You spent 20 gold pieces at shops.

Inventory:

Hand Weapons
 a - a +0 war axe (weapon)
Missiles
 b - 8 boomerangs
 e - 37 stones (quivered)
 i - 6 javelins
 n - 3 atropa-tipped darts
Armour
 c - a +0 buckler (worn)
 u - a +0 plate armour (worn)
Jewellery
 s - an amulet of faith
 y - a +6 ring of strength
Scrolls
 f - a scroll of fear {unknown}
 g - a scroll of blinking {unknown}
 l - a scroll of poison {unknown}
 p - 2 scrolls of revelation {unknown}
 r - a scroll of enchant armour {unknown}
 v - 3 scrolls of teleportation {unknown}
 w - a scroll of acquirement {unknown}
 x - a scroll of fog {unknown}
 A - a scroll of brand weapon {unknown}
Potions
 d - a potion of cancellation
 h - 3 potions of mutation
 j - 2 potions of berserk rage
 k - 2 potions of curing
 m - a potion of enlightenment {unknown}
 o - 4 potions of heal wounds
 q - a potion of resistance {unknown}
 t - a potion of brilliance {unknown}


   Skills:
 + Level 5.7 Fighting
 + Level 7.1 Axes
 + Level 1.9 Throwing
 + Level 6.2 Armour
 + Level 0.4 Dodging
 + Level 0.3 Stealth
 + Level 5.0 Shields


You had 6 spell levels left.
You didn't know any spells.
Your spell library contained the following spells:

 Spells                   Type           Power      Damage    Failure   Level
 Freeze                   Ice            0%         1d3       100%        1
 Frozen Ramparts          Ice            0%         1d1       100%        3
 Hailstorm                Conj/Ice       0%         3d3       100%        3
 Ozocubu's Armour         Ice            0%         N/A       100%        3
 Iskenderun's Battlesphe  Conj           0%         2d6       100%        5
 Leda's Unmaking          Conj/Erth      0%         9d1       100%        6
 Ozocubu's Refrigeration  Ice            0%         4d7       100%        7
 Spellforged Servitor     Conj/Summ      0%         N/A       100%        7


Dungeon Overview and Level Annotations

Branches:
Dungeon (6/15)             Temple (1/1) D:5

Altars:
Ashenzari
Dithmenos
Fedhas
Gozag
Hepliaklqana
Kikubaaqudgha
Makhleb
Nemelex Xobeh
Qazlal
Ru
Sif Muna
Trog
Wu Jian
Xom
Yredelemnul
The Shining One

Shops:
D:1 ?   D:3 (


Innate Abilities, Weirdness & Mutations

You have a pair of horns on your head.
You reflexively headbutt those who attack you in melee.


Message History

You destroy the wight!
Your life force feels restored.
A wight comes into view. It is wielding a +0 long sword.
Items here: )) [[.
The wight hits you but does no damage.
You barely miss the wight. Your headbutt misses the wight.
The wight completely misses you. You furiously retaliate!
You headbutt the wight, but do no damage.
You closely miss the wight. The wight barely misses you.
You barely miss the wight. Your headbutt misses the wight.
The wight hits you with a +0 long sword.
You feel drained. The wight barely misses you.
You hit the wight. You headbutt the wight.
The wight is lightly damaged.
The wight hits you with a +0 long sword.
You hit the wight but do no damage.
You headbutt the wight, but do no damage.
The wight is lightly damaged.
You block the wight's attack.
You closely miss the wight.
The wight is lightly damaged.
The wight hits you with a +0 long sword.
You hit the wight.
The wight is heavily damaged.
The wight barely misses you. You furiously retaliate!
You headbutt the wight, but do no damage.
You hit the wight.
The wight is heavily damaged.
The wight hits you with a +0 long sword.
You barely miss the wight.
The wight is heavily damaged.
The wight hits you with a +0 long sword!
* * * LOW HITPOINT WARNING * * *
You hit the wight.
The wight is almost destroyed.
The wight closely misses you.
The wight hits you with a +0 long sword!
* * * LOW HITPOINT WARNING * * *
You feel drained.
You die...

######## ###......
# ......## #.##
#......# #
#.#.###.....###
........?.........
#...#.###>.#.#
#.....)z@..#.####.#
#....#####........#
##.# ##...##### #
##.....## #....<..#
#.........#
+.........+
#.........#
#######..##


You could see a wight.

Vanquished Creatures
  Sigmund (D:4)
  The ghost of Losyloc the Magician, an amateur OpCK of Xom (D:3)
  2 scorpions (D:5)
  2 wights (D:6)
  3 hounds (D:5)
  2 jellies
  Jessica (D:2)
  3 iguanas
  5 adders
  A white imp (D:4)
  2 worms
  4 dart slugs
  2 orcs
  10 endoplasms
  4 giant cockroaches
  12 goblins
  6 hobgoblins
  4 jackals (D:2)
  7 kobolds
  6 quokkas
  7 ball pythons
  2 bats (D:1)
  3 frilled lizards (D:1)
  5 rats
95 creatures vanquished.

Notes
Turn   | Place    | Note
-------+----------+-------------------------------------------
     0 | D:1      | funkygono the Minotaur Fighter began the quest for the Orb.
     0 | D:1      | Reached XP level 1. HP: 19/19 MP: 0/0
    84 | D:1      | Reached XP level 2. HP: 21/27 MP: 1/1
   542 | D:1      | Reached XP level 3. HP: 31/33 MP: 2/2
   696 | D:1      | Found Godyn's Magic Scroll Emporium.
   699 | D:1      | Bought a scroll of identify for 20 gold pieces
   805 | D:2      | Noticed Jessica
   816 | D:2      | Killed Jessica
   817 | D:2      | Reached skill level 3 in Axes
   961 | D:2      | Found a faded altar of an unknown god.
  1249 | D:2      | Reached XP level 4. HP: 40/40 MP: 3/3
  1624 | D:3      | Found a sparkling altar of Nemelex Xobeh.
  1639 | D:3      | Reached skill level 1 in Throwing
  1860 | D:3      | Found Ipuulos's Antique Weapon Boutique.
  2035 | D:3      | Found a runed translucent door.
  2036 | D:3      | Noticed Losyloc's ghost (amateur OpCK)
  2410 | D:3      | Reached XP level 5. HP: 45/47 MP: 4/4
  2779 | D:3      | Killed Losyloc's ghost
  2780 | D:3      | Reached skill level 5 in Axes
  2780 | D:3      | Reached XP level 6. HP: 47/53 MP: 5/5
  3038 | D:4      | Noticed Sigmund
  3074 | D:4      | Killed Sigmund
  3075 | D:4      | Reached skill level 5 in Fighting
  3075 | D:4      | Reached skill level 6 in Axes
  3075 | D:4      | Reached skill level 5 in Armour
  3178 | D:4      | Found a bloodstained altar of Trog.
  3178 | D:4      | Found an ancient bone altar of Kikubaaqudgha.
  3178 | D:4      | Found a basalt altar of Yredelemnul.
  3281 | D:4      | Reached XP level 7. HP: 53/61 MP: 6/6
  3489 | D:5      | Entered Level 5 of the Dungeon
  3691 | D:5      | Found a stormy altar of Qazlal.
  3839 | D:5      | Reached skill level 5 in Shields
  3915 | D:5      | Found a staircase to the Ecumenical Temple.
  3921 | Temple   | Entered the Ecumenical Temple
  4300 | D:5      | Reached skill level 7 in Axes
  4547 | D:6      | HP: 1/61 [wight/+0 long sword (9)]
  4547 | D:6      | Slain by a wight

Illustrated notes

Levels and vault maps discovered:
D:1:      saegor_arrival_simple_b, layout_loops_cross, serial_shops,
          nicolae_shop_rolled_up
D:2:      layout_basic, dreamdust_ecumenical_altar_angels_and_demons,
          uniq_jessica
D:3:      minmay_inner_zag, layout_loops_corners,
          mainiacjoe_overflow_concentric_impassable, gammafunk_ghost_grave,
          serial_shops, shop, corexii_hall_statues_s
D:4:      layout_basic, gammafunk_temple_overflow_claw, uniq_sigmund
D:5:      layout_loops_corners, lemuel_tele_altar,
          minmay_temple_entry_butterflies
D:6:      layout_loops_corners, mainiacjoe_overflow_chevrons,
          kennysheep_generic_room_10, uniq_menkaure, uniq_edmund,
          uniq_crazy_yiuf_cottage, uniq_duvessa
Temple:   grunt_temple_mini_profane

Skill      XL: |  1  2  3  4  5  6  7 |
---------------+----------------------+-----
Shields        | 4 5 |  5.0
Fighting       | 4 5 |  5.7
Armour         | 4 5 6 |  6.2
Axes           | 3 5 6 7 |  7.1
Throwing       | 1 |  1.9
Dodging        | |  0.4
Stealth        | |  0.3

Action                     |  1- 3 |  4- 6 |  7- 9 || total
---------------------------+-------+-------+-------++-------
  Melee: War axe           |    74 |   129 |    68 ||   271
         Headbutt          |     9 |    13 |    13 ||    35
  Throw: Dart              |    21 |    10 |     4 ||    35
    Use: Scroll            |     2 |     3 |     1 ||     6
         Potion            |       |     1 |       ||     1
   Stab: Invisible         |     1 |       |       ||     1
 Armour: Scale mail        |    35 |    30 |       ||    65
         Plate armour      |       |    36 |    33 ||    69
  Dodge: Dodged            |    22 |    32 |    16 ||    70
  Block: Buckler           |    10 |    30 |    13 ||    53

Table legend: (Time is in decaauts)
 A = Elapsed time spent in this place.
 B = Non-inter-level travel time spent in this place.
 C = Inter-level travel time spent in this place.
 D = Time resting spent in this place.
 E = Time spent auto-exploring this place.
 F = Levels seen in this place.
 G = Mean time per level.
                   A        B        C        D        E       F      G
               +--------+--------+--------+--------+--------+-----+--------+
         Total |   4633 |   4514 |    119 |      0 |   3574 |   7 |  661.9 |
       Dungeon |   4629 |   4511 |    118 |      0 |   3574 |   6 |  771.5 |
        Temple |      3 |      3 |      0 |      0 |      0 |   1 |    3.0 |
               +--------+--------+--------+--------+--------+-----+--------+

Top non-repeatable levels by time:
     D:3: 1335 daAuts
     D:5: 1023 daAuts
     D:2: 792 daAuts
     D:1: 781 daAuts
     D:4: 655 daAuts
     D:6: 40 daAuts
  Temple: 3 daAuts
